 Dungeon Crawl Stone Soup version 0.27-a0-489-g24c7b1a3ef (webtiles) character file.

Game seed: 17550728138813547259

2 jasper the Sneak (level 1, -3/13 HPs)
             Began as a Deep Elf Delver on Mar 1, 2021.
             Was an Initiate of Qazlal.
             Killed by nerve-wracking pain
             ... invoked by an orc priest
              (14 damage)
             ... on level 5 of the Dungeon.
             The game lasted 00:00:48 (208 turns).

jasper the Sneak (Deep Elf Delver)                   Turns: 208, Time: 00:00:48

Health: -3/13      AC:  3    Str:  9    XL:     1   Next: 33%
Magic:  3/3        EV: 12    Int: 14    God:    Qazlal [......]
Gold:   66         SH:  0    Dex: 16    Spells: 0/0 levels left

rFire    . . .     SeeInvis .   a - +0 spear
rCold    . . .     Faith    .   (no shield)
rNeg     . . .     Spirit   .   b - +0 leather armour
rPois    .         Reflect  .   (no helmet)
rElec    .         Harm     .   (no cloak)
rCorr    .         Rampage  .   (no gloves)
Will     .....                  (no boots)
Stlth    +++.......             (no amulet)
HPRegen  0.04/turn              (no ring)
MPRegen  0.08/turn              (no ring)

@: no status effects
A: no striking features
a: Renounce Religion


You were on level 5 of the Dungeon.
You worshipped Qazlal.
Qazlal was noncommittal.
You visited 1 branch of the dungeon, and saw 1 of its levels.

You collected 66 gold pieces.

Inventory:

Hand Weapons
 a - a +0 spear (weapon)
Armour
 b - a +0 leather armour (worn)
Wands
 g - a wand of digging (3)
Scrolls
 c - a scroll of fog
 d - a scroll of magic mapping
 e - a scroll of fear
Potions
 f - a potion of haste


   Skills:
 + Level 2.4 Fighting
 - Level 1.3 Polearms
 + Level 2.5 Dodging
 + Level 6.0 Stealth
 + Level 0.2 Invocations


You couldn't memorise any spells.
You didn't know any spells.
Your spell library was empty.

Dungeon Overview and Level Annotations

Branches:
Dungeon (5/15)
 Temple: D:4-7

Altars:
Dithmenos
Qazlal


Message History

You see here a scroll labelled DYWNIU KERA.
You see here a large rock.
There is a shaft here.
Why would you want to do that?
The gnoll falls through a shaft!
The shaft crumbles and collapses.
What are your orders? t - Shout!
Orders for allies: a - Attack new target. r - Retreat! s - Stop attacking. g - Guard the area. f - Follow me.
Anything else - Cancel.
You shout for attention!
What are your orders? t - Shout!
Orders for allies: a - Attack new target. r - Retreat! s - Stop attacking. g - Guard the area. f - Follow me.
Anything else - Cancel.
You shout for attention!
You hear a shout!
Your leather armour prevents you from hitting the orc.
You hit the orc.
The orc is heavily wounded.
The orc misses you.
You hit the orc.
You kill the orc!
Qazlal accepts your kill.
No target in view!
An orc priest comes into view. It is wielding a +0 trident.
An orc wizard comes into view. It is wielding a +0 dagger.
The orc priest invokes the aid of Beogh against you.
Pain shoots through your body!
You take 3 damage, and have 10/13 hp.
MASSIVE DAMAGE!!
A hound comes into view.
Something unseen opens the door.
There is an open door here.
An orc wizard comes into view. It is wielding a +0 dagger.
The orc priest mumbles some strange prayers to Beogh against you.
Pain shoots through your body!
Ouch! That really hurt!
You die...

§#§# #### # §§.## .##.. #. #§#.#
####'##.. #.
#.#.############.>..o...
##.#######...................≈.(.
...#####################.....≈#^.
##○○°................#.###^##..
##○###################o###^≈##≈
##............@....o.#.....§≈≈.
###################o##.##.....§
###################....###≈^^.§
###### #≈#§^≈ #≈§#§^ #.§≈.≈
##§≈.. ##### #


You could see an orc priest and an orc wizard.

Vanquished Creatures
  An orc (D:5)
  A jackal skeleton (D:5)
2 creatures vanquished.

Notes
Turn   | Place    | Note
-------+----------+-------------------------------------------
     0 | D:5      | jasper the Deep Elf Delver began the quest for the Orb.
     0 | D:5      | Reached XP level 1. HP: 13/13 MP: 3/3
     1 | D:5      | Found a stormy altar of Qazlal.
     9 | D:5      | Became a worshipper of Qazlal Stormbringer
    27 | D:5      | Noticed a worker ant
   114 | D:5      | Found a shadowy altar of Dithmenos.
   186 | D:5      | Noticed an orc priest
   186 | D:5      | Noticed an orc wizard
   189 | D:5      | Noticed a hound
   204 | D:5      | Noticed an orc wizard
   208 | D:5      | Killed from afar by an orc priest

Illustrated notes

Levels and vault maps discovered:
D:5:      lemuel_ice_spiral_2, layout_basic, grunt_qazlal_sundering,
          grunt_dithmenos_smoke_and_mirrors, basic_altar,
          minmay_fractal_squares_diagonal_5

Action                   || total
-------------------------++-------
Melee: Spear             ||     6
 Stab: Sleeping          ||     1
Armor: Leather armour    ||     1
Dodge: Dodged            ||     1

Table legend: (Time is in decaauts)
 A = Elapsed time spent in this place.
 B = Non-inter-level travel time spent in this place.
 C = Inter-level travel time spent in this place.
 D = Time resting spent in this place.
 E = Time spent auto-exploring this place.
 F = Levels seen in this place.
 G = Mean time per level.
                   A        B        C        D        E       F      G
               +--------+--------+--------+--------+--------+-----+--------+
         Total |    208 |    188 |     20 |      0 |     64 |   1 |  208.0 |
       Dungeon |    208 |    188 |     20 |      0 |     64 |   1 |  208.0 |
               +--------+--------+--------+--------+--------+-----+--------+

Top non-repeatable levels by time:
     D:5: 208 daAuts
